TOP OF THE 1ST |
Georgia Tech Yellow Jackets batting - Pitching for Wake Forest Demon Deacons : RHP Dan Mitchell
|
Pitching: RHP Dan Mitchell
|
|
Batting: LHB Mike Harris
|
0-0: Ball 1-0: Called Strike 1-1: Swinging Strike 1-2: Foul Ball, location: 2F 1-2: Strikes out swinging
|
Batting: SHB Ramón Valdés
|
0-0: Called Strike 0-1: Foul Ball, location: 2F 0-2: Ball 1-2: Strikes out swinging
|
Batting: LHB Héctor Soto
|
0-0: Foul Ball, location: 2F 0-1: Foul Ball, location: 2F 0-2: Ball 1-2: SINGLE (Flyball, 7LM)
|
Batting: RHB Brian Cannon
|
0-0: Swinging Strike 0-1: Swinging Strike 0-2: Strikes out looking
|
Top of the 1st over - 0 run(s), 1 hit(s), 0 error(s), 1 left on base; Georgia Tech 0 - Wake Forest 0 |
BOTTOM OF THE 1ST |
Wake Forest Demon Deacons batting - Pitching for Georgia Tech Yellow Jackets : RHP Rafael Durán
|
Pitching: RHP Rafael Durán
|
|
Batting: SHB Terry Dailey
|
0-0: Ground out 4-3 (Groundball, 4)
|
Batting: LHB Ken Smith
|
0-0: Foul Ball, location: 2F 0-1: Ball 1-1: Foul Ball, location: 2F 1-2: Fly out, F7 (Flyball, 7M)
|
Batting: RHB Jesse McKnight
|
0-0: Ball 1-0: Ball 2-0: Foul Ball, location: 2F 2-1: Foul Ball, location: 2F 2-2: Ball 3-2: Ground out 4-3 (Groundball, 4)
|
Bottom of the 1st over - 0 run(s), 0 hit(s), 0 error(s), 0 left on base; Georgia Tech 0 - Wake Forest 0 |
TOP OF THE 2ND |
Georgia Tech Yellow Jackets batting - Pitching for Wake Forest Demon Deacons : RHP Dan Mitchell
|
Batting: RHB Luis Antonio Cuevas
|
0-0: Ball 1-0: Swinging Strike 1-1: Foul Ball, location: 2F 1-2: Ball 2-2: Foul Ball, location: 2F 2-2: Ball 3-2: Base on Balls
|
Batting: RHB Jonny Lord
|
0-0: Ball 1-0: Swinging Strike 1-1: Ball 2-1: Ball 3-1: Fly out, F3 (Popup, 23)
|
Batting: RHB John Smith
|
0-0: Called Strike 0-1: Foul Ball, location: 2F 0-2: Ball 1-2: Strikes out looking
|
Batting: RHB Pete McKee
|
0-0: Fly out, F7 (Flyball, 7M)
|
Top of the 2nd over - 0 run(s), 0 hit(s), 0 error(s), 1 left on base; Georgia Tech 0 - Wake Forest 0 |
BOTTOM OF THE 2ND |
Wake Forest Demon Deacons batting - Pitching for Georgia Tech Yellow Jackets : RHP Rafael Durán
|
Batting: RHB Jim Villiers
|
0-0: Ball 1-0: Ball 2-0: Ground out 5-3 (Groundball, 5S)
|
Batting: LHB Garrett King
|
0-0: Ball 1-0: Called Strike 1-1: Foul Ball, location: 2F 1-2: Ground out 4-3 (Groundball, 4)
|
Batting: RHB Eric Rowe
|
0-0: Called Strike 0-1: Foul Ball, location: 2F 0-2: Foul Ball, location: 2F 0-2: Strikes out swinging
|
Bottom of the 2nd over - 0 run(s), 0 hit(s), 0 error(s), 0 left on base; Georgia Tech 0 - Wake Forest 0 |
TOP OF THE 3RD |
Georgia Tech Yellow Jackets batting - Pitching for Wake Forest Demon Deacons : RHP Dan Mitchell
|
Batting: LHB Gary White
|
0-0: Ball 1-0: SINGLE (Line Drive, 34D)
|
Batting: LHB Mike Harris
|
0-0: Called Strike 0-1: Ball 1-1: Ball 2-1: Called Strike 2-2: Foul Ball, location: 2F 2-2: Ball 3-2: SINGLE (Line Drive, 56D) Gary White to second
|
Batting: SHB Ramón Valdés
|
0-0: Ball 1-0: Ball 2-0: Ball 3-0: Called Strike 3-1: Swinging Strike 3-2: Foul Ball, location: 2F 3-2: Base on Balls Gary White to third Mike Harris to second
|
Batting: LHB Héctor Soto
|
0-0: SINGLE (Groundball, 5D) Gary White scores Mike Harris to third Ramón Valdés to second
|
Batting: RHB Brian Cannon
|
0-0: Called Strike 0-1: Called Strike 0-2: Foul Ball, location: 2F 0-2: Ground out 4-3 (Groundball, 4M) Mike Harris scores Ramón Valdés to third Héctor Soto to second
|
Batting: RHB Luis Antonio Cuevas
|
0-0: Called Strike 0-1: Foul Ball, location: 2F 0-2: Strikes out swinging
|
Batting: RHB Jonny Lord
|
0-0: Called Strike 0-1: Fly out, F4 (Line Drive, 4M)
|
Top of the 3rd over - 2 run(s), 3 hit(s), 0 error(s), 2 left on base; Georgia Tech 2 - Wake Forest 0 |
BOTTOM OF THE 3RD |
Wake Forest Demon Deacons batting - Pitching for Georgia Tech Yellow Jackets : RHP Rafael Durán
|
Batting: LHB Greg Faulkner
|
0-0: Ball 1-0: Called Strike 1-1: Foul Ball, location: 2F 1-2: Strikes out looking
|
Batting: LHB Tom Watkins
|
0-0: Swinging Strike 0-1: Foul Ball, location: 2F 0-2: Ball 1-2: Strikes out swinging
|
Batting: RHB Wilbert Bernard
|
0-0: Called Strike 0-1: Swinging Strike 0-2: Fly out, F8 (Flyball, 8RS)
|
Bottom of the 3rd over - 0 run(s), 0 hit(s), 0 error(s), 0 left on base; Georgia Tech 2 - Wake Forest 0 |
TOP OF THE 4TH |
Georgia Tech Yellow Jackets batting - Pitching for Wake Forest Demon Deacons : RHP Dan Mitchell
|
Batting: RHB John Smith
|
0-0: Ball 1-0: Ball 2-0: Ball 3-0: SINGLE (Flyball, 4MD)
|
Batting: RHB Pete McKee
|
0-0: Called Strike 0-1: Ball 1-1: Ball 2-1: Ball 3-1: Base on Balls John Smith to second
|
Batting: LHB Gary White
|
0-0: Called Strike 0-1: Ball 1-1: Swinging Strike 1-2: Ball 2-2: Ball 3-2: Base on Balls John Smith to third Pete McKee to second
|
Batting: LHB Mike Harris
|
0-0: Called Strike 0-1: Ball 1-1: Ball 2-1: Ball 3-1: Base on Balls John Smith scores Pete McKee to third Gary White to second
|
Pitching: LHP Lonnie Cole
|
|
Batting: SHB Ramón Valdés
|
0-0: Ball 1-0: Ball 2-0: Fly out, F9 (Flyball, 89M) Runner from 3rd tags up, SCORES, no throw
|
Batting: LHB Héctor Soto
|
0-0: Foul Ball, location: 2F 0-1: Grounds into double play, 4-6-3 (Groundball, 4)
|
Top of the 4th over - 2 run(s), 1 hit(s), 0 error(s), 1 left on base; Georgia Tech 4 - Wake Forest 0 |
BOTTOM OF THE 4TH |
Wake Forest Demon Deacons batting - Pitching for Georgia Tech Yellow Jackets : RHP Rafael Durán
|
Batting: SHB Terry Dailey
|
0-0: Called Strike 0-1: Foul Ball, location: 2F 0-2: Ball 1-2: Ball 2-2: Ball 3-2: Ground out 6-3 (Groundball, 6M)
|
Batting: LHB Ken Smith
|
0-0: Called Strike 0-1: SOLO HOME RUN (Flyball, 89XD), Distance : 366 ft
|
Batting: RHB Jesse McKnight
|
0-0: Ball 1-0: Fly out, F2 (Popup, 2R)
|
Batting: RHB Jim Villiers
|
0-0: Foul Ball, location: 2F 0-1: Ball 1-1: Ball 2-1: Called Strike 2-2: Foul Ball, location: 2F 2-2: Foul Ball, location: 2F 2-2: Ball 3-2: Fly out, F7 (Flyball, 78XD)
|
Bottom of the 4th over - 1 run(s), 1 hit(s), 0 error(s), 0 left on base; Georgia Tech 4 - Wake Forest 1 |
TOP OF THE 5TH |
Georgia Tech Yellow Jackets batting - Pitching for Wake Forest Demon Deacons : LHP Lonnie Cole
|
Batting: RHB Brian Cannon
|
0-0: Foul Ball, location: 2F 0-1: Foul Ball, location: 2F 0-2: Foul Ball, location: 2F 0-2: Foul Ball, location: 2F 0-2: Ball 1-2: SINGLE (Groundball, 34D)
|
Batting: RHB Luis Antonio Cuevas
|
0-0: Ball 1-0: Called Strike 1-1: Fly out, F8 (Flyball, 8LM)
|
Batting: RHB Jonny Lord
|
0-0: Foul Ball, location: 2F 0-1: Foul Ball, location: 2F 0-2: Ball 1-2: Foul Ball, location: 2F 1-2: Ball 2-2: Ball 3-2: Base on Balls Brian Cannon to second
|
Batting: RHB John Smith
|
0-0: Fly out, F9 (Flyball, 9M)
|
Batting: RHB Pete McKee
|
0-0: SINGLE (Line Drive, 5D) Brian Cannon to third Jonny Lord to second
|
Batting: LHB Gary White
|
0-0: Ball 1-0: Foul Ball, location: 2F 1-1: Swinging Strike 1-2: Fly out, F9 (Flyball, 89M)
|
Top of the 5th over - 0 run(s), 2 hit(s), 0 error(s), 3 left on base; Georgia Tech 4 - Wake Forest 1 |
BOTTOM OF THE 5TH |
Wake Forest Demon Deacons batting - Pitching for Georgia Tech Yellow Jackets : RHP Rafael Durán
|
Batting: LHB Garrett King
|
0-0: Ground out 4-3 (Groundball, 4M)
|
Batting: RHB Eric Rowe
|
0-0: Swinging Strike 0-1: Ground out 6-3 (Groundball, 6M)
|
Batting: LHB Greg Faulkner
|
0-0: SINGLE (Groundball, 34S)
|
Batting: LHB Tom Watkins
|
0-0: Called Strike 0-1: Ball Wild Pitch! Greg Faulkner to second 1-1: Ball 2-1: Swinging Strike 2-2: Strikes out swinging
|
Bottom of the 5th over - 0 run(s), 1 hit(s), 0 error(s), 1 left on base; Georgia Tech 4 - Wake Forest 1 |
TOP OF THE 6TH |
Georgia Tech Yellow Jackets batting - Pitching for Wake Forest Demon Deacons : LHP Lonnie Cole
|
Batting: LHB Mike Harris
|
0-0: Ground out 4-3 (Groundball, 4)
|
Batting: SHB Ramón Valdés
|
0-0: Ball 1-0: Called Strike 1-1: Ball 2-1: Foul Ball, location: 2F 2-2: Strikes out swinging
|
Batting: LHB Héctor Soto
|
0-0: SINGLE (Groundball, 4M)
|
Batting: RHB Brian Cannon
|
0-0: Fly out, F3 (Popup, 3DF)
|
Top of the 6th over - 0 run(s), 1 hit(s), 0 error(s), 1 left on base; Georgia Tech 4 - Wake Forest 1 |
BOTTOM OF THE 6TH |
Wake Forest Demon Deacons batting - Pitching for Georgia Tech Yellow Jackets : RHP Rafael Durán
|
Batting: RHB Wilbert Bernard
|
0-0: Ball 1-0: Fly out, F9 (Line Drive, 89S)
|
Batting: SHB Terry Dailey
|
0-0: Ball 1-0: Swinging Strike 1-1: Ball 2-1: Foul Ball, location: 2F 2-2: Strikes out swinging
|
Batting: LHB Ken Smith
|
0-0: Ball 1-0: Ball 2-0: Swinging Strike 2-1: Foul Ball, location: 2F 2-2: Fly out, F8 (Flyball, 8LM)
|
Bottom of the 6th over - 0 run(s), 0 hit(s), 0 error(s), 0 left on base; Georgia Tech 4 - Wake Forest 1 |
TOP OF THE 7TH |
Georgia Tech Yellow Jackets batting - Pitching for Wake Forest Demon Deacons : LHP Lonnie Cole
|
Batting: RHB Luis Antonio Cuevas
|
0-0: Swinging Strike 0-1: Swinging Strike 0-2: Ball 1-2: Strikes out looking
|
Batting: RHB Jonny Lord
|
0-0: Ball 1-0: Ground out U3 (Groundball, 3)
|
Batting: RHB John Smith
|
0-0: Called Strike 0-1: Ball 1-1: Called Strike 1-2: Ball 2-2: Strikes out looking
|
Top of the 7th over - 0 run(s), 0 hit(s), 0 error(s), 0 left on base; Georgia Tech 4 - Wake Forest 1 |
BOTTOM OF THE 7TH |
Wake Forest Demon Deacons batting - Pitching for Georgia Tech Yellow Jackets : RHP Rafael Durán
|
Batting: RHB Jesse McKnight
|
0-0: Fly out, F9 (Flyball, 89S)
|
Batting: RHB Jim Villiers
|
0-0: Ball 1-0: Ball 2-0: Foul Ball, location: 2F 2-1: Ball 3-1: Called Strike 3-2: Fly out, F7 (Flyball, 7M)
|
Batting: LHB Garrett King
|
0-0: Called Strike 0-1: Ball 1-1: Ball 2-1: Ball 3-1: SINGLE (Line Drive, 4D)
|
Pitching: LHP Juan Jose Hinojosa
|
|
Batting: RHB Eric Rowe
|
0-0: Ball 1-0: Called Strike Pickoff Throw to First - Out!
|
Bottom of the 7th over - 0 run(s), 1 hit(s), 0 error(s), 0 left on base; Georgia Tech 4 - Wake Forest 1 |
TOP OF THE 8TH |
Georgia Tech Yellow Jackets batting - Pitching for Wake Forest Demon Deacons : LHP Lonnie Cole
|
Batting: RHB Pete McKee
|
0-0: Called Strike 0-1: Fly out, F9 (Popup, 89S)
|
Batting: LHB Gary White
|
0-0: Ball 1-0: Ball Reached via error on a dropped throw, E1
|
Batting: LHB Mike Harris
|
0-0: Ball 1-0: Swinging Strike 1-1: Ball 2-1: Ball Throwing error on steal attempt, E2 Gary White to third 3-1: Swinging Strike 3-2: SINGLE (Flyball, 7S) Gary White scores
|
Batting: SHB Ramón Valdés
|
0-0: Ball 1-0: Ball 2-0: Foul Ball, location: 2F 2-1: Fly out, F9 (Flyball, 9M)
|
Pitching: LHP Marc Young
|
|
Batting: LHB Héctor Soto
|
0-0: Called Strike 0-1: SINGLE (Flyball, 7S) Mike Harris to second
|
Batting: RHB Brian Cannon
|
0-0: Ball 1-0: Swinging Strike 1-1: Called Strike 1-2: Foul Ball, location: 2F 1-2: Strikes out swinging
|
Top of the 8th over - 1 run(s), 2 hit(s), 2 error(s), 2 left on base; Georgia Tech 5 - Wake Forest 1 |
BOTTOM OF THE 8TH |
Wake Forest Demon Deacons batting - Pitching for Georgia Tech Yellow Jackets : LHP Juan Jose Hinojosa
|
Batting: RHB Eric Rowe
|
0-0: Ball 1-0: Foul Ball, location: 2F 1-1: Ball 2-1: Ball 3-1: Base on Balls
|
Batting: LHB Greg Faulkner
|
0-0: Fly out, F2 (Popup, 2L)
|
Batting: LHB Tom Watkins
|
0-0: Called Strike 0-1: Ball 1-1: Swinging Strike 1-2: Foul Ball, location: 2F 1-2: Ball 2-2: Ball 3-2: Foul Ball, location: 2F 3-2: Foul Ball, location: 2F 3-2: Foul Ball, location: 2F 3-2: Foul Ball, location: 2F 3-2: Ground out 3-1 (Groundball, 34) Eric Rowe to second
|
Batting: RHB Wilbert Bernard
|
0-0: Foul Ball, location: 2F 0-1: Ground out 6-3 (Groundball, 6MS)
|
Bottom of the 8th over - 0 run(s), 0 hit(s), 0 error(s), 1 left on base; Georgia Tech 5 - Wake Forest 1 |
TOP OF THE 9TH |
Georgia Tech Yellow Jackets batting - Pitching for Wake Forest Demon Deacons : LHP Marc Young
|
Batting: RHB Luis Antonio Cuevas
|
0-0: Called Strike 0-1: SINGLE (Groundball, 56D)
|
Batting: RHB Jonny Lord
|
0-0: Swinging Strike 0-1: Ball 1-1: Foul Ball, location: 2F 1-2: SINGLE (Flyball, 89S) Luis Antonio Cuevas to second Runner from 2nd tries for 3rd, SAFE, no throw or cutoff
|
Batting: RHB John Smith
|
0-0: Ball 1-0: Ball 2-0: Ball 3-0: Called Strike 3-1: Base on Balls Jonny Lord to second
|
Batting: RHB Pete McKee
|
0-0: Ball 1-0: Swinging Strike 1-1: Swinging Strike 1-2: Foul Ball, location: 2F 1-2: Ball 2-2: Foul Ball, location: 2F 2-2: Strikes out swinging
|
Pitching: LHP Greg Ferguson
|
|
Batting: LHB Gary White
|
0-0: Ball 1-0: Called Strike 1-1: Called Strike 1-2: Ball 2-2: Foul Ball, location: 2F 2-2: Ball 3-2: Strikes out swinging
|
Batting: LHB Mike Harris
|
0-0: Swinging Strike 0-1: SINGLE (Groundball, 34D) Luis Antonio Cuevas scores Jonny Lord to third John Smith to second Runner from 3rd tries for Home, SAFE, no throw or cutoff
|
Batting: SHB Ramón Valdés
|
0-0: Ball 1-0: Ball 2-0: Foul Ball, location: 2F 2-1: Ball 3-1: Base on Balls John Smith to third Mike Harris to second
|
Batting: LHB Héctor Soto
|
0-0: Called Strike Balk! John Smith scores Mike Harris to third Ramón Valdés to second 0-1: Swinging Strike 0-2: Ball 1-2: Foul Ball, location: 2F 1-2: Strikes out swinging
|
Top of the 9th over - 3 run(s), 3 hit(s), 0 error(s), 2 left on base; Georgia Tech 8 - Wake Forest 1 |
BOTTOM OF THE 9TH |
Wake Forest Demon Deacons batting - Pitching for Georgia Tech Yellow Jackets : LHP Juan Jose Hinojosa
|
Now at 1B: Pedro Fernández
|
|
Batting: SHB Terry Dailey
|
0-0: Called Strike 0-1: Ball 1-1: Ground out 4-3 (Groundball, 34)
|
Batting: LHB Ken Smith
|
0-0: Ball 1-0: Swinging Strike 1-1: Ground out 6-3 (Groundball, 6)
|
Batting: RHB Jesse McKnight
|
0-0: Called Strike 0-1: Ground out 4-3 (Groundball, 4)
|
Bottom of the 9th over - 0 run(s), 0 hit(s), 0 error(s), 0 left on base; Georgia Tech 8 - Wake Forest 1 |
|